 Dungeon Crawl Stone Soup version 0.30.1-9-gdf580d7c3d (webtiles) character file.

Game seed: 3324298547238080989

113 lonewolfV2 the Trooper (level 5, 0/43 HPs)
             Began as a Formicid Berserker on Oct 25, 2023.
             Was a Believer of Trog.
             Shot with a sling bullet by a gnoll (4 damage)
             ... on level 3 of the Dungeon.
             The game lasted 00:03:47 (2613 turns).

lonewolfV2 the Trooper (Formicid Berserker)         Turns: 2613, Time: 00:03:48

Health: 0/43       AC:  6    Str: 24    XL:     5   Next: 17%
Magic:  5/5        EV: 11    Int:  6    God:    Trog [**....]
Gold:   187        SH:  0    Dex: 13    Spells: 4/4 levels left

rFire   + . .        a - +0 hand axe
rCold   . . .        (no shield)
rNeg    . . .        i - +0 scale mail
rPois   .            (helmet unavailable)
rElec   .            (no cloak)
rCorr   .            (no gloves)
SInv    +            (no boots)
Will    ++...        (no amulet) Stlth
                     c - ring of protection from fire
HPRegen 1.27/turn    (no ring)
MPRegen 0.09/turn

%: no passive effects
@: strong-willed, regenerating
A: permanent stasis, dig shafts and tunnels, antennae 3, four strong arms
a: Dig, Shaft Self, Renounce Religion, Trog's Hand


You were on level 3 of the Dungeon.
You worshipped Trog.
Trog was pleased with you.
You visited 1 branch of the dungeon, and saw 3 of its levels.

You collected 187 gold pieces.

Inventory:

Hand Weapons
 a - a +0 hand axe (weapon)
Armour
 i - a +0 scale mail (worn)
Jewellery
 c - a ring of protection from fire (left hand)
Scrolls
 b - a scroll of fog {unknown}
 g - 2 scrolls of identify
Potions
 d - a potion of ambrosia
 e - 4 potions of degeneration
 f - a potion of invisibility


   Skills:
 + Level 4.8 Fighting
 - Level 3.0 Axes
 - Level 2.2 Armour
 + Level 3.3 Dodging


You had 4 spell levels left.
You didn't know any spells.
Your spell library was empty.

Dungeon Overview and Level Annotations

Branches:
Dungeon (3/15)

Altars:


Innate Abilities, Weirdness & Mutations

You cannot be hasted, slowed, berserked, paralysed or teleported.
You can dig through walls and to a lower floor.
You have a pair of large antennae on your head. (SInv)
Your four strong arms can wield two-handed weapons with a shield.


Message History

The gnoll is severely wounded.
The gnoll barely misses you.
You slash the gnoll!
You kill the gnoll!
Trog accepts your kill.
The gnoll shoots a sling bullet.
The sling bullet hits you.
The gnoll unwields a +0 sling.
The gnoll wields a +0 spear.
The gnoll misses you. The gnoll completely misses you.
Things that are here:
a +0 whip; 18 gold pieces; a +2 whip of flaming You barely miss the gnoll.
The gnoll hits you from afar with a +0 spear.
The gnoll closely misses you.
You barely miss the gnoll.
The gnoll hits you from afar with a +0 spear!
The gnoll closely misses you.
You hit the gnoll.
The gnoll is moderately wounded.
The gnoll hits you but does no damage. The gnoll hits you with a +0 spear.
* * * LOW HITPOINT WARNING * * *
The gnoll hits you from afar with a +0 spear.
* * * LOW HITPOINT WARNING * * *
You barely miss the gnoll.
The gnoll is moderately wounded.
The gnoll closely misses you.
The gnoll hits you from afar with a +0 spear.
* * * LOW HITPOINT WARNING * * *
The gnoll closely misses you.
Your skin crawls.
You feel strong-willed. The gnoll barely misses you. x2
The gnoll unwields a +0 spear.
The gnoll wields a +0 sling.
The gnoll shoots a sling bullet.
The sling bullet hits you but does no damage.
The gnoll shoots a sling bullet.
The sling bullet hits you.
* * * LOW HITPOINT WARNING * * *
The gnoll shoots a sling bullet.
The sling bullet hits you.
* * * LOW HITPOINT WARNING * * *
The gnoll shoots a sling bullet.
The sling bullet hits you.
You die...

#####.# #.#
#.# #.# #.#
#.# # #.#
##.##.######.#
.....gg)....@#
##.##.########
#


You could see 2 gnolls.

Vanquished Creatures
  2 gnolls (D:3)
  2 adders
  A white imp (D:3)
  2 worms (D:2)
  An orc (D:3)
  5 ball pythons
  5 bats
  7 endoplasms
  2 giant cockroaches (D:1)
  8 hobgoblins
  3 jackals (D:1)
  3 kobolds
  3 quokkas
  6 frilled lizards
  6 goblins
  2 rats
58 creatures vanquished.

Notes
Turn   | Place    | Note
-------+----------+-------------------------------------------
     0 | D:1      | lonewolfV2 the Formicid Berserker began the quest for the
                  | Orb.
     0 | D:1      | Reached XP level 1. HP: 18/18 MP: 1/1
    61 | D:1      | Reached XP level 2. HP: 16/24 MP: 2/2
   365 | D:1      | Reached XP level 3. HP: 29/30 MP: 3/3
   772 | D:1      | Reached skill level 4 in Fighting
   984 | D:1      | Reached ** piety under Trog
  1539 | D:2      | Reached XP level 4. HP: 26/37 MP: 4/4
  2593 | D:3      | Reached XP level 5. HP: 43/43 MP: 5/5
  2613 | D:3      | Shot with a sling bullet by a gnoll

Illustrated notes

Levels and vault maps discovered:
D:1:      heliophobic_arrival_battle_scene, layout_loops_ring,
          minmay_tetromino_l4
D:2:      layout_loops_cross, roderic_roman_lattice, kennysheep_cluttered_room
D:3:      layout_loops_ring

Skill      XL: |  1  2  3  4 |
---------------+-------------+-----
Dodging        | 2 3 |  3.3
Fighting       | 4 |  4.8
Axes           | |  3.0
Armour         | |  2.2

Action                     |  1- 3 |  4- 6 || total
---------------------------+-------+-------++-------
  Melee: Hand axe          |   110 |    68 ||   178
         Punch             |     1 |       ||     1
 Invoke: Trog's Hand       |       |     2 ||     2
    Use: Scroll            |     7 |     4 ||    11
   Stab: Sleeping          |     1 |       ||     1
 Armour: Animal skin       |    34 |     1 ||    35
         Scale mail        |       |    12 ||    12
  Dodge: Dodged            |    93 |    47 ||   140
